 Dungeon Crawl Stone Soup version 0.28.0 (webtiles) character file.

Game seed: 10026550638806830299

9 croobank the Sneak (level 2, -1/14 HPs)
             Began as a Felid Delver on Feb 13, 2022.
             Slain by an adder (3 damage)
             ... on level 5 of the Dungeon.
             The game lasted 00:00:48 (34 turns).

croobank the Sneak (Felid Delver)                     Turns: 34, Time: 00:00:49

Health: -1/14      AC:  1    Str:  8    XL:     2   Next: 6%
Magic:  3/3        EV: 18    Int: 11    God:
Gold:   0          SH:  0    Dex: 17    Spells: 1/1 levels left
                                        Lives:  0   Deaths: 0

rFire   . . .      SeeInvis +     - Unarmed
rCold   . . .      Faith    .   (shield unavailable)
rNeg    . . .      Spirit   .   (armour unavailable)
rPois   .          Reflect  .   (helmet unavailable)
rElec   .          Harm     .   (cloak unavailable)
rCorr   .          Rampage  .   (gloves unavailable)
Will    .....                   (boots unavailable)
Stlth   ++++......              (no amulet)
HPRegen 0.04/turn               (no ring)
MPRegen 0.08/turn               (no ring)

@: quick
A: very small, claws 1, fangs 3, see invisible, speed 1, shaggy fur 1, stealthy
paws, no weapons or thrown items, no armour, multi-lived
a: no special abilities


You were on level 5 of the Dungeon.
You visited 1 branch of the dungeon, and saw 1 of its levels.

Inventory:

Wands
 e - a wand of digging (3)
Scrolls
 a - a scroll of fog
 b - a scroll of magic mapping
Potions
 d - a potion of haste


   Skills:
 + Level 3.1 Fighting
 + Level 3.0 Dodging
 + Level 6.7 Stealth
 + Level 2.2 Unarmed Combat


You had one spell level left.
You didn't know any spells.
Your spell library was empty.

Dungeon Overview and Level Annotations

Branches:
Dungeon (5/15)
 Temple: D:4-7

Altars:
The Shining One


Innate Abilities, Weirdness & Mutations

You have sharp claws.
You have razor-sharp teeth.
You have supernaturally acute eyesight. (SInv)
You cover ground quickly. (Speed+)
You are covered in fur. (AC +1)
Your paws help you pounce on unaware monsters.
You are incapable of wielding weapons or throwing items.
You cannot wear armour.
You gain extra lives every three experience levels.


Message History

f - 4 poisoned darts You drop 4 poisoned darts.
You scratch the adder.
The adder is heavily wounded.
The adder closely misses you. The adder bites you.
You scratch the adder.
The adder is almost dead.
The adder misses you.
An adder comes into view.
The adder hisses angrily.
You scratch the adder.
You kill the adder!
You hear a bark!
A hound comes into view.
Your Dodging skill increases to level 3!
You have reached level 2!
As you read the scroll of fear, it crumbles to dust.
You assume a fearsome visage.
The hound looks frightened!
The adder hisses angrily.
You scratch the adder but do no damage. The adder misses you.
Okay, then.
You closely miss the adder. The adder bites you but does no damage.
The adder misses you.
You scratch the adder.
The adder is moderately wounded.
The adder closely misses you.
You scratch the adder.
The adder is severely wounded.
The adder misses you.
You completely miss the adder.
The adder is severely wounded.
The adder bites you. The dart slug launches a dart at you.
The slug dart hits you.
You barely miss the adder.
The adder is severely wounded.
The adder bites you.
* * * LOW HITPOINT WARNING * * *
The adder bites you.
You die...

#.#.# #.#.## .....
#.#.## ##....# .....#
##S$≈.# ##.@.§.#
#....≈.# ..##(...≈.# #
#.##†#....# #.#..
#.##.##...# ..#.$
#.##w# .P.#
......####.##.##.P.#.
..................P...
.J...........w....P...


You could see an adder and a dart slug.

Vanquished Creatures
  An adder (D:5)
1 creature vanquished.

Notes
Turn   | Place    | Note
-------+----------+-------------------------------------------
     0 | D:5      | croobank the Felid Delver began the quest for the Orb.
     0 | D:5      | Reached XP level 1. HP: 10/10 MP: 2/2
     6 | D:5      | Noticed a jelly
    15 | D:5      | Found a glowing golden altar of the Shining One.
    25 | D:5      | Noticed a hound
    26 | D:5      | Reached XP level 2. HP: 9/14 MP: 3/3
    34 | D:5      | Slain by an adder

Illustrated notes

Levels and vault maps discovered:
D:5:      layout_loops_ring, mainiacjoe_overflow_boulevard,
          mainiacjoe_overflow_small_starburst, minmay_temple_entry_stoned_glass

Skill      XL: |  1 |
---------------+----+-----
Dodging        | 3 |  3.0
Fighting       | |  3.1
Stealth        | |  6.7
Unarmed Combat | |  2.2

Action                   || total
-------------------------++-------
Melee: Unarmed           ||     9
  Use: Scroll            ||     1
Armor: Skin              ||     1
Dodge: Dodged            ||     8
